 Dungeon Crawl Stone Soup version 0.24-a0 (webtiles) character file.

Game seed: 15792467194013441380

35 JeffiDaFish the Grave Robber (level 3, -1/24 HPs)
             Began as a Mummy Necromancer on Jan 30, 2019.
             Killed from afar by an orc wizard (5 damage)
             ... with a magic dart
             ... on level 4 of the Dungeon.
             The game lasted 00:03:45 (1621 turns).

JeffiDaFish the Grave Robber (Mummy Necromancer)    Turns: 1621, Time: 00:03:46

Health: -1/24      AC:  4    Str: 15    XL:     3   Next: 17%
Magic:  7/7        EV: 12    Int: 15    God:
Gold:   31         SH:  0    Dex: 12    Spells: 6/8 levels left

rFire    x . .     SeeInvis .   b - +2 dagger (venom)
rCold    + . .     Gourm    .   (no shield)
rNeg     + + +     Faith    .   a - +0 robe
rPois    ∞         Spirit   .   (no helmet)
rElec    .         Reflect  .   (no cloak)
rCorr    .         Harm     .   (no gloves)
MR       .....                  e - +1 pair of boots
Stlth    ++........             (no amulet)
HPRegen  0.08/turn              d - +4 ring of strength
MPRegen  0.10/turn              (no ring)

@: no status effects
A: no food or potions, fire vulnerability, cold resistance 1, negative energy
resistance 3, torment resistance, unbreathing
a: no special abilities


You were on level 4 of the Dungeon.
You were not hungry.

You visited 1 branch of the dungeon, and saw 3 of its levels.

You collected 31 gold pieces.

Inventory:

Hand Weapons
 b - a +2 dagger of venom (weapon)
Armour
 a - a +0 robe (worn)
 e - a +1 pair of boots (worn)
Jewellery
 d - a +4 ring of strength (left hand)
Scrolls
 c - 3 scrolls of teleportation
 f - a scroll of identify


   Skills:
 + Level 2.0 Dodging
 - Level 1.5 Stealth
 + Level 3.2 Spellcasting
 * Level 4.6 Necromancy


You had 6 spell levels left.
You knew the following spells:

 Your Spells              Type           Power        Failure   Level  Hunger
a - Pain                  Necr           ###.         3%          1    N/A
b - Animate Skeleton      Necr           N/A          3%          1    N/A

Your spell library contained the following spells:

 Spells                   Type           Power        Failure   Level  Hunger
 Vampiric Draining        Necr           ###.......   9%          3    N/A
 Animate Dead             Necr           N/A          30%         4    N/A
 Regeneration             Chrm/Necr      Unusable     N/A         3    N/A

Dungeon Overview and Level Annotations

Branches:
Dungeon (2/15)

Altars:

Annotations:
D:4 Robin


Innate Abilities, Weirdness & Mutations

You do not eat or drink.
Your flesh is vulnerable to fire.
You are immune to poison.
Your flesh is cold resistant. (rC+)
You are immune to negative energy. (rN+++)
You are immune to unholy pain and torment.
You can survive without breathing.


Message History

The orc wizard blinks!
The orc wizard mumbles some strange words.
The orc wizard seems to speed up.
The goblin misses you. Robin throws the goblin at you!
* * * LOW HITPOINT WARNING * * *
You closely miss the goblin. The quokka misses you.
The goblin barely misses you. The goblin closely misses you.
The quokka bites you but does no damage.
The orc curses noisily, as Orcs often do.
The goblin hits you with a +0 club.
* * * LOW HITPOINT WARNING * * *
The goblin closely misses you. The goblin closely misses you.
Robin roars a battlecry!
The orc wizard mumbles some strange words.
The orc wizard blinks!
The orc wizard points at you and mumbles some strange words.
The magic dart hits you.
You die...

###### .....############
.......#........# ..
.......#........#######..
.......#.................
.....####...............#
..O.........)............
################@........
#......... # #org...... #
♣♣##.g.g..... #
♣♣.#.og....... #
♣♣....ogo.#+### #
♣............# #
♣.♣..#..g.....# #
♣♣♣##g......#


You could see Robin, an orc priest, an orc wizard, 2 orcs, a quokka and 5
goblins.

Vanquished Creatures
  An adder (D:2)
  2 dart slugs (D:1)
  An orc (D:4)
  3 giant cockroaches (D:1)
  A goblin (D:2)
  4 hobgoblins (D:1)
  4 kobolds
  A bat (D:1)
  A frilled lizard (D:1)
  A rat (D:1)
19 creatures vanquished.

Notes
Turn   | Place    | Note
-------+----------+-------------------------------------------
     0 | D:1      | JeffiDaFish the Mummy Necromancer began the quest for the
                  | Orb.
     0 | D:1      | Reached XP level 1. HP: 13/13 MP: 4/4
    97 | D:1      | Learned a level 1 spell: Animate Skeleton
   201 | D:1      | Reached XP level 2. HP: 19/19 MP: 5/5
  1342 | D:2      | Reached XP level 3. HP: 24/24 MP: 1/7
  1506 | D:2      | You fall through a shaft for 2 floors!
  1531 | D:4      | Noticed an ogre
  1573 | D:4      | Noticed Robin
  1621 | D:4      | Killed from afar by an orc wizard

Vault maps used:
D:1:      lightli_arrival_maybe_door_vault, nrook_loot_triangle, minivault_19,
          minmay_misc_feat_square, serial_bayou_ford_a
D:2:      first_ration
D:4:      temple_hall, uniq_crazy_yiuf_cottage, uniq_edmund, uniq_robin

Skill      XL: |  1  2 |
---------------+-------+-----
Spellcasting   | 3 |  3.2
Dodging        | 2 |  2.0
Stealth        | |  1.5
Necromancy     | |  4.6

Action                   || total
-------------------------++-------
Melee: Dagger            ||    11
       Unarmed           ||     2
 Cast: Pain              ||    38
       Animate Skeleton  ||     7
  Use: Scroll            ||     6
Armor: Robe              ||     7
Dodge: Dodged            ||    27

Table legend:
 A = Non-vault XP
 B = Vault XP
 C = Vault XP percentage of total XP
 D = Non-vault monster count
 E = Vault monster count
 F = Vault count percentage of total count
                 A         B        C        D         E       F
            +---------+---------+-------+---------+---------+-------
      Total |      51 |       0 |   0.0 |      19 |       0 |   0.0
            +---------+---------+-------+---------+---------+-------
        D:1 |      29 |       0 |   0.0 |      14 |       0 |   0.0
        D:2 |      19 |       0 |   0.0 |       4 |       0 |   0.0
        D:4 |       3 |       0 |   0.0 |       1 |       0 |   0.0
            +---------+---------+-------+---------+---------+-------
